 Dungeon Sprint DCSS version 0.27-a0-1154-gfdeffcb720 (webtiles) character file.

Game seed: 2848901846039833910

164 rocky1 the Ducker (level 5, -3/41 HPs)
             Began as a Djinni Earth Elementalist on May 15, 2021.
             Was a Priest of Makhleb.
             Slain by a sky beast (6 damage)
             ... in the Dungeon (Sprint VII: "The Pits").
             The game lasted 00:04:00 (282 turns).

rocky1 the Ducker (Djinni Earth Elementalist)        Turns: 282, Time: 00:04:01

Health: -3/41      AC:  9    Str:  7    XL:     5   Next: 73%
Gold:   0          EV: 14    Int: 17    God:    Makhleb [***...] SH:  0 Dex: 14

rFire    + + .     SeeInvis .   m - +2 quarterstaff (protect)
rCold    x . .     Faith    .   (shield currently unavailable)
rNeg     . . .     Spirit   .   c - +0 robe
rPois    ∞         Reflect  .   (no helmet)
rElec    .         Harm     .   (no cloak)
rCorr    .         Rampage  .   (no gloves)
Will     .....     NoTele   +   (boots unavailable)
Stlth    ++........             (no amulet)
HPRegen  0.13/turn              (no ring)
MPRegen  0.00/turn              (no ring)

@: under a protective aura, flying
A: sickness immunity, fire resistance 2, cold vulnerability 1, float, innate
caster, hp casting, extra vitality 1
a: Renounce Religion, Minor Destruction, Lesser Servant of Makhleb


You were in the Dungeon.
You worshipped Makhleb.
Makhleb was most pleased with you.
You visited 1 branch

Inventory:

Hand Weapons
 l - a +1 long sword of flaming
 m - a +2 quarterstaff of protection (weapon)
Missiles
 b - 32 stones
Armour
 c - a +0 robe (worn)
Scrolls
 h - a scroll of blinking
 j - a scroll of summoning
Potions
 a - 2 potions of magic
 d - 6 potions of curing
 e - 6 potions of heal wounds
 f - a potion of haste
 g - 3 potions of berserk rage
 i - 2 potions of invisibility


   Skills:
 + Level 4.2 Fighting
 + Level 3.5 Staves
 + Level 3.9 Armour
 + Level 5.3 Dodging
 - Level 1.5 Stealth
 + Level 4.1 Spellcasting
 + Level 3.9 Invocations


You couldn't memorise any spells.
You knew the following spells:

 Your Spells              Type           Power      Damage    Failure   Level
a - Sandblast             Erth           34%        2d9       2%          1
b - Passwall              Tmut/Erth      14%        N/A       4%          2
c - Stone Arrow           Conj/Erth      34%        3d9       9%          3
d - Petrify               Tmut/Erth      17%        N/A       28%         4
e - Lee's Rapid Deconstr  Erth           8%         3d8*      61%         5
f - Foxfire               Conj/Fire      68%        2x1d7     2%          1
g - Poisonous Vapours     Pois/Air       34%        N/A       4%          2
Your spell library was empty.

Dungeon Overview and Level Annotations

Branches:
Dungeon (1/1)

Altars:
Ashenzari
Cheibriados
Dithmenos
Elyvilon
Fedhas
Gozag
Hepliaklqana
Kikubaaqudgha
Makhleb
Nemelex Xobeh
Okawaru
Qazlal
Ru
Sif Muna
Trog
Uskayaw
Vehumet
Wu Jian
Xom
Yredelemnul
Zin
The Shining One
Beogh
Jiyva
Lugonu

Annotations:
D Grinder


Innate Abilities, Weirdness & Mutations

You are immune to sickness and miasma.
You are immune to poison.
Your flesh is very heat resistant. (rF++)
You are vulnerable to cold. (rC-)
You float through the air rather than walking.
You learn spells naturally, not from books.
Your magical power is your life essence.
You have superior vitality. (+4 HP)


Message History

You hit the orc priest.
Your weapon exudes an aura of protection.
The orc priest is lightly wounded.
The orc priest closely misses you.
You thump the orc priest!
The orc priest is almost dead.
A goblin comes into view. It is wielding a +0 club.
The orc priest barely misses you.
Grinder blinks!
The orc priest closely misses you.
You barely miss the orc priest.
The orc priest is almost dead.
The orc priest hits you with a +0 short sword.
* * * LOW HITPOINT WARNING * * *
Unknown command.
The goblin shouts!
You hit the orc priest.
You kill the orc priest!
Makhleb accepts your kill.
You feel better. The orc closely misses you.
Your Fighting skill increases to level 4!
Your Spellcasting skill increases to level 4!
You closely miss the orc. The orc closely misses you.
You sock the orc!
You kill the orc!
Makhleb accepts your kill.
You feel better.
Deactivating autopickup; reactivate with Ctrl-A.
You hit something. Something hits you but does no damage.
Unknown command.
Grinder says, "There's only one good use for a tongue: cutting it out."
You hit something. Something hits you but does no damage.
You hit something but do no damage. Something barely misses you.
Something hits you but does no damage.
You barely miss something.
Grinder blinks!
Something barely misses you.
You miss something. Something hits you. Something shocks you.
* * * LOW HITPOINT WARNING * * *
You barely miss something. Something hits you.
* * * LOW HITPOINT WARNING * * *
Something shocks you.
You die...

#.........÷.'.....
#'#####†#####.....
#.#..#...'.##.....
#.#..#...#.#####'#
#.#..#####.##.....
#.#..'...#†##.....
#.#..'...'.##.....
#.#..########...<.
#@#..'.)))[##.....
#{#..#.)))[##.....
#o###########.....
#g.....g# ######
#.......#
#...#...# #5.##
..# #... .# #... #


You could see Grinder, an orc and a goblin.

Vanquished Creatures
  A floating eye (D)
  An orc priest (D)
  A mummy (D)
  A river rat (D)
  An orc (D)
  A bat zombie (D)
  2 hobgoblins (D)
  3 jackals (D)
  A quokka (D)
  A bat (D)
  A giant cockroach zombie (D)
14 creatures vanquished.

Notes
Turn   | Place    | Note
-------+----------+-------------------------------------------
     0 | D        | rocky1 the Djinni Earth Elementalist began the quest for
                  | the Orb.
     0 | D        | Reached XP level 1. HP: 15/15 MP: 0/0
    42 | D        | Found a bloodstained altar of Trog.
    42 | D        | Found a viscous altar of Jiyva.
    42 | D        | Found a hazy altar of Hepliaklqana.
    42 | D        | Found an opulent altar of Gozag.
    43 | D        | Found a glowing golden altar of the Shining One.
    43 | D        | Found a glowing silver altar of Zin.
    43 | D        | Found a basalt altar of Yredelemnul.
    43 | D        | Found a shimmering altar of Xom.
    43 | D        | Found an ornate altar of the Wu Jian Council.
    43 | D        | Found a sacrificial altar of Ru.
    43 | D        | Found a stormy altar of Qazlal.
    43 | D        | Found an iron altar of Okawaru.
    43 | D        | Found a sparkling altar of Nemelex Xobeh.
    43 | D        | Found a burning altar of Makhleb.
    43 | D        | Found a blossoming altar of Fedhas.
    43 | D        | Found a white marble altar of Elyvilon.
    43 | D        | Found a shadowy altar of Dithmenos.
    43 | D        | Found a snail-covered altar of Cheibriados.
    45 | D        | Found a corrupted altar of Lugonu.
    46 | D        | Found a hide-covered altar of Uskayaw.
    46 | D        | Found a broken altar of Ashenzari.
    53 | D        | Became a worshipper of Makhleb the Destroyer
    80 | D        | Noticed a floating eye
    87 | D        | Paralysed by a floating eye for 2 turns
    90 | D        | Killed a floating eye
    91 | D        | Reached skill level 4 in Dodging
    91 | D        | Reached XP level 2. HP: 25/25 MP: 0/0
    91 | D        | Reached XP level 3. HP: 30/30 MP: 0/0
    91 | D        | Learned a level 1 spell: Foxfire
    91 | D        | Reached XP level 4. HP: 35/35 MP: 0/0
    91 | D        | Reached XP level 5. HP: 40/40 MP: 0/0
    91 | D        | Learned a level 2 spell: Poisonous Vapours
   105 | D        | Reached * piety under Makhleb
   117 | D        | Reached ** piety under Makhleb
   158 | D        | Reached *** piety under Makhleb
   253 | D        | Noticed a sky beast
   253 | D        | Noticed Grinder
   266 | D        | Reached skill level 5 in Dodging
   282 | D        | Slain by a sky beast

Illustrated notes

Levels and vault maps discovered:
D:        pitsprint [storerooms_1, entrance_room_1, metal_vault_8, armoury_1,
          mini_pit_1, grid_room_1, main_hall_1, silver_pit, the_coven_1,
          the_vestibule_1, steel_vault_3, golden_pit, hallway_of_sentries,
          crystal_vault_1, iron_vault_3, final_vault]

Skill      XL: |  1  2  3  4  5 |
---------------+----------------+-----
Fighting       | 3 4 |  4.2
Staves         | 2 3 |  3.5
Armour         | 3 |  3.9
Dodging        | 4 5 |  5.3
Spellcasting   | 3 4 |  4.1
Invocations    | 3 |  3.9
Stealth        | |  1.5

Action                   |  1- 3 |  4- 6 || total
-------------------------+-------+-------++-------
Melee: Quarterstaff      |     4 |    47 ||    51
 Cast: Sandblast         |     1 |     7 ||     8
Armor: Robe              |       |    10 ||    10
Dodge: Dodged            |     1 |    43 ||    44

Table legend: (Time is in decaauts)
 A = Elapsed time spent in this place.
 B = Non-inter-level travel time spent in this place.
 C = Inter-level travel time spent in this place.
 D = Time resting spent in this place.
 E = Time spent auto-exploring this place.
 F = Levels seen in this place.
 G = Mean time per level.
                   A        B        C        D        E       F      G
               +--------+--------+--------+--------+--------+-----+--------+
         Total |    289 |    273 |     16 |     21 |      0 |   1 |  289.0 |
       Dungeon |    289 |    273 |     16 |     21 |      0 |   1 |  289.0 |
               +--------+--------+--------+--------+--------+-----+--------+

Top non-repeatable levels by time:
       D: 289 daAuts
